 Dungeon Crawl Stone Soup version 0.30-a0-6-g7c9e10e132 (webtiles) character file.

Game seed: 17998303994417169186

60 SensoryNuts the Trooper (level 3, -6/29 HPs)
             Began as a Vampire Fighter on Aug 22, 2022.
             Mangled by a gnoll
             ... wielding a +0 halberd
              (10 damage)
             ... on level 2 of the Dungeon.
             The game lasted 00:00:43 (705 turns).

SensoryNuts the Trooper (Vampire Fighter)            Turns: 705, Time: 00:00:44

Health: -6/29      AC:  6    Str: 17    XL:     3   Next: 80%
Magic:  3/3        EV:  9    Int: 10    God:
Gold:   47         SH:  4    Dex: 13    Spells: 2/2 levels left

rFire   . . .      SeeInvis +    a - +0 war axe
rCold   . . .      Faith    .    c - +0 buckler
rNeg    . . .      Spirit   .    b - +0 scale mail
rPois   .          Reflect  .    (no helmet)
rElec   .          Harm     .    (no cloak)
rCorr   .          Rampage  .    (no gloves)
Will    .....                    (no boots)
Stlth   ..........               (no amulet)
HPRegen 0.29/turn                (no ring)
MPRegen 0.08/turn                (no ring)

@: mighty, healing quickly
A: alive, fangs 3, see invisible, vampiric 2
a: Exsanguinate


You were on level 2 of the Dungeon.
You visited 1 branch of the dungeon, and saw 2 of its levels.

You collected 47 gold pieces.

Inventory:

Hand Weapons
 a - a +0 war axe (weapon)
Armour
 b - a +0 scale mail (worn)
 c - a +0 buckler (worn)
Jewellery
 f - a ring of wizardry
Scrolls
 e - 2 scrolls of identify {unknown}
 g - a scroll of acquirement {unknown}
 h - a scroll of blinking {unknown}
Potions
 i - a potion of curing {unknown}


   Skills:
 + Level 3.1 Fighting
 + Level 2.6 Axes
 + Level 2.9 Armour
 + Level 0.4 Dodging
 + Level 0.1 Stealth
 + Level 2.9 Shields


You had 2 spell levels left.
You didn't know any spells.
Your spell library contained the following spells:

 Spells                   Type           Power      Damage    Failure   Level
 Ensorcelled Hibernation  Hex/Ice        0%         N/A       94%         2
 Passwall                 Tmut/Erth      0%         N/A       94%         2
 Swiftness                Air            0%         N/A       99%         3


Dungeon Overview and Level Annotations

Branches:
Dungeon (2/15)

Altars:


Innate Abilities, Weirdness & Mutations

Your natural rate of healing is accelerated.
You have razor-sharp teeth.
You have supernaturally acute eyesight. (SInv)
You are afflicted with vampirism and can become a bat while bloodless.


Message History

Found 16 gold pieces.
A gnoll comes into view. It is wielding a +0 whip.
The gnoll shouts!
The goblin hits you but does no damage.
A gnoll comes into view. It is wielding a +0 club.
You closely miss the goblin. The goblin barely misses you.
A gnoll comes into view. It is wielding a +0 halberd.
You completely miss the goblin. The goblin hits you but does no damage.
The goblin barely misses you.
You slash the goblin!
You kill the goblin!
You hit the gnoll.
The gnoll is moderately wounded.
A gnoll comes into view. It is wielding a +0 flail.
The gnoll hits you with a +0 whip. The gnoll barely misses you. x2
The gnoll shouts!
You slash the gnoll!
You kill the gnoll!
The gnoll hits you from afar with a +0 halberd!
You slash the gnoll! You bite the gnoll.
The gnoll is severely wounded.
You block the gnoll's attack. The gnoll barely misses you.
The gnoll misses you.
You slash the gnoll!
You kill the gnoll!
An endoplasm comes into view.
The gnoll hits you from afar with a +0 halberd.
There are monsters nearby!
There are monsters nearby!
There are monsters nearby!
You hit the gnoll but do no damage. You block the gnoll's attack.
The gnoll hits you from afar with a +0 halberd!
The gnoll hits you from afar with a +0 halberd.
* * * LOW HITPOINT WARNING * * *
The gnoll hits you with a +0 flail.
* * * LOW HITPOINT WARNING * * *
You feel very mighty all of a sudden. You block the gnoll's attack.
You block the gnoll's attack. The gnoll hits you with a +0 halberd!
You die...

##.## #...# # #...###
.. #.....
#.#####...#####
###............#.
#.......)).......
#$.Jg@.......#
...###.#g..#.###.
#.#.........
#.#.$.#.###. #.#...#.#
#.##.##.# ###
#<......#
...#.......#########
####.#.##.#..#.......#


You could see 2 gnolls and an endoplasm.

Vanquished Creatures
  2 gnolls (D:2)
  An adder (D:2)
  3 endoplasms (D:1)
  2 giant cockroaches (D:1)
  3 goblins
  2 hobgoblins (D:1)
  6 jackals (D:1)
  A kobold (D:2)
  2 quokkas (D:1)
  A ball python (D:2)
  2 bats (D:1)
  3 frilled lizards (D:1)
28 creatures vanquished.

Notes
Turn   | Place    | Note
-------+----------+-------------------------------------------
     0 | D:1      | SensoryNuts the Vampire Fighter began the quest for the
                  | Orb.
     0 | D:1      | Reached XP level 1. HP: 17/17 MP: 1/1
   205 | D:1      | Reached XP level 2. HP: 23/23 MP: 2/2
   270 | D:1      | Found a faded altar of an unknown god.
   657 | D:2      | Reached skill level 3 in Fighting
   657 | D:2      | Gained mutation: You are afflicted with vampirism and can
                  | become a bat while bloodless. [Vampire growth]
   657 | D:2      | Reached XP level 3. HP: 26/29 MP: 3/3
   705 | D:2      | Mangled by a gnoll

Illustrated notes

Levels and vault maps discovered:
D:1:      psy_arrival_terrarium, layout_basic, chequers_ecumenical_altar_twisty
D:2:      layout_loops_cross

Skill      XL: |  1  2 |
---------------+-------+-----
Axes           | 2 |  2.6
Fighting       | 3 |  3.1
Armour         | |  2.9
Dodging        | |  0.4
Stealth        | |  0.1
Shields        | |  2.9

Action                   || total
-------------------------++-------
Melee: War axe           ||    89
       Bite              ||     7
  Use: Potion            ||     1
Armor: Scale mail        ||    63
Dodge: Dodged            ||    55
Block: Buckler           ||    22

Table legend: (Time is in decaauts)
 A = Elapsed time spent in this place.
 B = Non-inter-level travel time spent in this place.
 C = Inter-level travel time spent in this place.
 D = Time resting spent in this place.
 E = Time spent auto-exploring this place.
 F = Levels seen in this place.
 G = Mean time per level.
                   A        B        C        D        E       F      G
               +--------+--------+--------+--------+--------+-----+--------+
         Total |    744 |    728 |     16 |      0 |    533 |   2 |  372.0 |
       Dungeon |    744 |    728 |     16 |      0 |    533 |   2 |  372.0 |
               +--------+--------+--------+--------+--------+-----+--------+

Top non-repeatable levels by time:
     D:1: 626 daAuts
     D:2: 118 daAuts
